 Dungeon Crawl Stone Soup version 0.17.0-26-gececa24 (webtiles) character file.

473 Ijustatesigmund the Sneak (level 7, -6/44 HPs)
             Began as a Kobold Assassin on Nov 20, 2015.
             Was a Follower of Okawaru.
             Killed by divine providence
             ... invoked by an orc priest
              (12 damage)
             ... on level 4 of the Dungeon.
             The game lasted 00:10:46 (2933 turns).

Ijustatesigmund the Sneak (Kobold Assassin)         Turns: 2933, Time: 00:10:47

Health: -6/44      AC:  6    Str: 10    XL:     7   Next: 32%
Magic:  7/7        EV: 14    Int:  9    God:    Okawaru [*.....]
Gold:   97         SH:  0    Dex: 19    Spells: 0 memorised, 6 levels left

rFire  . . .     SeeInvis .     t - +1 dagger (venom)
rCold  . . .     Clarity  .     h - +0 leather armour
rNeg   + . .     SustAt   +     (shield restricted)
rPois  .         Gourm    .     (no helmet)
rElec  .         Spirit   .     d - +1 cloak
rCorr  .         Warding  .     r - +0 pair of gloves
rMut   .         Stasis   .     (no boots)
MR     .....                    (no amulet)
Stlth  ++++......               s - ring of positive energy
                                p - ring of sustain attributes

@: not resistant to hostile enchantments, stealthy
A: carnivore 3
a: Heroism, Renounce Religion


You were on level 4 of the Dungeon.
You worshipped Okawaru.
Okawaru was aware of your devotion.
You were full.

You visited 1 branch of the dungeon, and saw 4 of its levels.

You collected 97 gold pieces.

Inventory:

Hand Weapons
 a - a +2 dagger
 b - a +0 blowgun
 t - a +1 dagger of venom (weapon)
Missiles
 e - 42 poisoned needles
 q - a curare-tipped needle
Armour
 d - a +1 cloak (worn)
 h - a +0 leather armour (worn)
 r - a +0 pair of gloves (worn)
Jewellery
 p - a ring of sustain attributes (left hand)
 s - a ring of positive energy (right hand)
Scrolls
 c - 2 scrolls of recharging
 f - 2 scrolls of remove curse
 j - a scroll of fear
Potions
 i - a potion of might {unknown}
 k - a potion of magic {unknown}
 l - 2 potions of agility {unknown}
 m - 3 potions of curing {unknown}
 n - a potion of beneficial mutation {unknown}
Comestibles
 g - 2 meat rations


   Skills:
 - Level 4.3 Fighting
 - Level 4.8 Short Blades
 - Level 5.0 Throwing
 * Level 2.0 Armour
 - Level 1.2 Dodging
 + Level 6.0 Stealth


You had 6 spell levels left.
You didn't know any spells.

Dungeon Overview and Level Annotations

Branches:
Dungeon (4/15)
 Temple: D:4-7

Altars:
Dithmenos
Okawaru

Annotations:
D:4 Pikel


Innate Abilities, Weirdness & Mutations

You are small and have problems with some larger weapons.
You are carnivorous and can eat meat at any time.


Message History

Pain shoots through your body!
You hit the orc priest.
The orc priest is heavily wounded.
The orc priest closely misses you.
You closely miss the orc priest.
The orc priest is heavily wounded.
You barely miss the orc priest.
The orc priest is heavily wounded.
The orc priest calls down the wrath of Beogh upon you.
Something smites you!
* * * LOW HITPOINT WARNING * * *
You hit the orc priest.
The orc priest is almost dead.
The orc priest hits you with a hand axe.
* * * LOW HITPOINT WARNING * * *
You closely miss the orc priest.
The orc priest is almost dead.
The orc priest invokes the aid of Beogh against you.
Something smites you!
You die...

#.# #.#
################.#
#.......>#.......#######
#.######.#.#####........
#.#.####...######
####....##.....#
#..)).#.###...##
#.##@...# ##.##
#.##o#### #.# o....# #.#
##.#### ##'## #.#
##...## #.# ##.....##
#.. ##.......## ...
#.........# +.........+


You could see an orc priest.

Vanquished Creatures
  Sigmund (D:2)
  2 orc priests
  A hound (D:4)
  An iguana (D:4)
  Ijyb (D:2)
  An orc wizard (D:3)
  Natasha (D:2)
  A gnoll (D:1)
  4 adders
  3 worms (D:2)
  A giant gecko (D:4)
  4 orcs
  7 bats
  2 giant cockroaches
  10 goblins
  10 hobgoblins
  6 kobolds
  A ball python (D:1)
  A ball python skeleton (D:4)
  2 giant newts
  2 jackals (D:2)
  A quokka (D:3)
  6 rats
69 creatures vanquished.

Notes
Turn   | Place    | Note
--------------------------------------------------------------
     0 | D:1      | Ijustatesigmund the Kobold Assassin began the quest for the Orb.
     0 | D:1      | Reached XP level 1. HP: 12/12 MP: 1/1
   375 | D:1      | Reached XP level 2. HP: 17/17 MP: 2/2
   451 | D:1      | Found an iron altar of Okawaru.
   459 | D:1      | Became a worshipper of Warmaster Okawaru
   761 | D:1      | Reached XP level 3. HP: 21/21 MP: 3/3
  1060 | D:2      | Noticed Ijyb
  1113 | D:2      | Found a shadowy altar of Dithmenos.
  1147 | D:2      | Killed Ijyb
  1147 | D:2      | Reached XP level 4. HP: 14/26 MP: 4/4
  1798 | D:2      | Noticed Sigmund
  1804 | D:2      | Killed Sigmund
  1804 | D:2      | Reached * piety under Okawaru
  1804 | D:2      | Reached XP level 5. HP: 29/33 MP: 5/5
  1804 | D:2      | Reached XP level 6. HP: 33/38 MP: 6/6
  1933 | D:2      | Noticed Natasha
  1938 | D:2      | Killed Natasha
  2255 | D:3      | Reached skill level 5 in Throwing
  2544 | D:3      | Reached skill level 1 in Armour
  2544 | D:3      | Reached XP level 7. HP: 21/44 MP: 7/7
  2812 | D:4      | Noticed Pikel
  2922 | D:4      | Reached skill level 6 in Stealth
  2933 | D:4      | Killed from afar by an orc priest

Action                   |  1- 3 |  4- 6 |  7- 9 || total
-------------------------+-------+-------+-------++-------
Melee: Dagger            |   109 |   120 |    39 ||   268
 Fire: Blowgun           |    10 |     6 |       ||    16
  Use: Scroll            |       |     9 |       ||     9
       Potion            |       |       |     3 ||     3
 Stab: Sleeping          |     3 |    13 |     3 ||    19
  Eat: Chunk             |     5 |     7 |       ||    12
